 Dungeon Crawl Stone Soup version 0.12.2-22-g286eab9 (webtiles) character file.

7090 Gabry the Hoplite (level 10, -10/83 HPs)
             Began as a Minotaur Fighter on Sept 1, 2013.
             Was a High Priest of Okawaru.
             Mangled by an orc warrior
             ... wielding a -1,+1 orcish long sword
              (12 damage)
             ... on Level 9 of the Dungeon.
             The game lasted 00:36:46 (8630 turns).

Gabry the Hoplite (Minotaur Fighter)                Turns: 8630, Time: 00:36:46

HP -10/83        AC 12     Str 28      XL: 10   Next: 76%
MP   3/3         EV 11     Int  5      God: Okawaru [*****.]
Gold 319         SH 27     Dex 16      Spells:  0 memorised,  9 levels left

Res.Fire  : . . .   See Invis. : .   m - +2,+1 whip (elec)
Res.Cold  : . . .   Warding    : .   n - +1 elf chain mail
Life Prot.: . . .   Conserve   : .   c - +0 shield
Res.Poison: .       Res.Corr.  : .   (helmet restricted)
Res.Elec. : .       Clarity    : .   D - +1 cloak {MR}
Sust.Abil.: . .     Spirit.Shd : .   (no gloves)
Res.Mut.  : .       Stasis     : .   (no boots)
Res.Rott. : .       Ctrl.Telep.: .   (no amulet)
Saprovore : . . .   Flight     : +   A - +5 ring of dexterity
                                     F - ring of sustenance

@: mighty, flying, quite resistant to hostile enchantments, extremely unstealthy
A: retaliatory headbutt, horns 2
a: Heroism, Finesse, Renounce Religion


You were on level 9 of the Dungeon.
You worshipped Okawaru.
Okawaru was extremely pleased with you.
You were not hungry.

You visited 2 branches of the dungeon, and saw 10 of its levels.

You collected 299 gold pieces.

Inventory:

Hand weapons
 f - a +0,+0 dagger (quivered)
 l - a +1,+1 dwarven short sword of protection
 m - a +2,+1 whip of electrocution (weapon)
 r - a +0,+1 dwarven dagger
 s - a +2,+2 dwarven war axe of chopping
 y - a +0,+0 elven dagger
Armour
 c - a +0 shield (worn)
 j - a +2 cloak
 n - a +1 elven chain mail (worn)
 D - a +1 cloak of magic resistance (worn)
Magical devices
 i - a wand of slowing (12) {unknown}
 C - a wand of polymorph (17) {unknown}
 E - a wand of slowing (8) {unknown}
 H - a wand of enslavement (14) {unknown}
 I - a wand of enslavement (20) {unknown}
Comestibles
 d - 6 bread rations
 P - a meat ration
Scrolls
 e - 4 scrolls of magic mapping
 h - 3 scrolls of identify
 k - a scroll of teleportation
 v - 3 scrolls of remove curse
 J - a scroll of enchant weapon II
 L - a scroll of recharging {unknown}
 R - a scroll of enchant weapon I {unknown}
Jewellery
 A - a +5 ring of dexterity (right hand)
 F - a ring of sustenance (left hand)
 G - an uncursed ring of teleport control {unknown}
 O - an uncursed ring of flight
Potions
 g - a potion of paralysis
 o - 3 potions of curing
 p - 2 potions of poison
 q - a potion of mutation {unknown}
 t - a potion of flight
 w - a potion of agility {unknown}
 x - 3 potions of restore abilities
 z - 2 potions of heal wounds {unknown}
 B - a potion of brilliance {unknown}
Books
 a - a book of Control

   Spells                             Type                      Level
   Control Teleport                   Charms/Translocation         4
   Control Undead                     Necromancy                   4
   Enslavement                        Hexes                        4
   Mass Confusion                     Hexes                        6
   Metabolic Englaciation             Hexes/Ice                    6
 b - a book of Alchemy

   Spells                             Type                      Level
   Lethal Infusion                    Charms/Necromancy            2
   Sublimation of Blood               Necromancy                   2
   Condensation Shield                Ice                          4
   Alistair's Intoxication            Transmutation/Poison         4
   Petrify                            Transmutation/Earth          4
   Ignite Poison                      Fire/Transmutation           5
 u - a book of Cantrips

   Spells                             Type                      Level
   Confusing Touch                    Hexes                        1
   Animate Skeleton                   Necromancy                   1
   Summon Small Mammals               Summoning                    1
   Apportation                        Translocation                1
 M - a book of Spatial Translocations

   Spells                             Type                      Level
   Apportation                        Translocation                1
   Portal Projectile                  Translocation                2
   Blink                              Translocation                2
   Shroud of Golubria                 Charms/Translocation         2
   Teleport Other                     Translocation                3
   Passage of Golubria                Translocation                4
Miscellaneous
 Q - a box of beasts


   Skills:
 + Level 7.0 Fighting
 + Level 7.9 Maces & Flails
 + Level 7.9 Armour
 + Level 9.4 Dodging
 + Level 2.4 Stealth
 + Level 10.8 Shields
 + Level 2.4 Traps


You had 9 spell levels left.
You didn't know any spells.

Dungeon Overview and Level Annotations

Branches:
Dungeon (9/27)             Temple (1/1) D:6
    Orc: D:6-11        Lair: D:8-13

Altars:
Cheibriados
Elyvilon
Fedhas
Makhleb
Nemelex Xobeh
Okawaru
Sif Muna
Vehumet
Yredelemnul
Zin
the Shining One

Shops:
D:6: /


Innate Abilities, Weirdness & Mutations

You reflexively headbutt those who attack you in melee.
You have a pair of horns on your head.


Message History

The orc warrior throws an orcish spear.
The orcish spear hits you!
* * * LOW HITPOINT WARNING * * *
The orc warrior hits you but does no damage.
You can move again.
Read which item? (? for menu, Esc to quit)
Okay, then.
Read which item? (? for menu, Esc to quit)
Okay, then.
Drink which item? (? for menu, Esc to quit)
You feel refreshed.
It was a potion of restore abilities.
The orc warrior barely misses you.
Drink which item? (? for menu, Esc to quit)
You feel very mighty all of a sudden.
Your shield and chain mail prevent you from hitting the orc warrior.
The orc warrior is severely wounded.
The orc warrior hits you but does no damage.
You hit the orc warrior. Your headbutt misses the orc warrior.
The orc warrior is severely wounded.
The orc warrior hits you with an orcish long sword!
You die...

.......#..#..##
...#.##..##.##### #
.....#......###.###$##
...........###...#....#
.....o.....###..(.#..#
.....o.....)##......###
........).#..).#......#
....##....##.).#......##
......#....##..o@......#
.....##.......%........#
.....####.............#.
#..... #.......#........
.................)......
..............#........
... .............##
.....#.#....# .### ##...


You could see an orc warrior.

Vanquished Creatures
  The ghost of Sachiko the Nimble, an experienced KoBe of Trog (D:8)
  Joseph (D:9)
  The ghost of gilgaladt the Skirmisher, an experienced HESk (D:5)
  A hill giant zombie (D:8)
  An elf zombie (D:7)
  4 human zombies (D:7)
  A human skeleton (D:7)
  Grum (D:8)
  A wyvern (D:8)
  A hippogriff (D:7)
  A manticore (D:9)
  2 hungry ghosts
  4 war dogs (D:8)
  2 necrophages (D:7)
  A yellow wasp (D:8)
  A wyvern skeleton (D:5)
  An ice beast (D:9)
  5 orc warriors
  4 sky beasts
  4 ogres
  4 centaurs
  A troll skeleton (D:7)
  A giant frog (D:9)
  A centaur skeleton (D:6)
  An ogre zombie (D:6)
  A shadow (D:7)
  3 crimson imps
  A goliath beetle (D:7)
  3 hounds
  Crazy Yiuf (D:6)
  3 orc wizards
  A scorpion (D:7)
  An orc priest (D:5)
  5 worker ants
  An iguana (D:9)
  A jelly (D:8)
  A goliath beetle zombie (D:9)
  3 mummies (D:7)
  6 gnolls
  6 adders
  An adder skeleton (D:7)
  4 worms
  A bat skeleton (D:5)
  2 giant eyeballs
  4 giant geckos
  An ooze (D:5)
  39 orcs
  3 ball pythons
  4 giant cockroaches
  4 goblins
  11 hobgoblins
  6 jackals
  8 kobolds
  2 quokkas
  14 bats
  5 giant newts
  15 rats
  6 ballistomycetes
213 creatures vanquished.

Vanquished Creatures (others)
  A bat (D:8)
  2 giant spores
3 creatures vanquished.

Grand Total: 216 creatures vanquished

Notes
Turn   | Place    | Note
--------------------------------------------------------------
     0 | D:1      | Gabry, the Minotaur Fighter, began the quest for the Orb.
     0 | D:1      | Reached XP level 1. HP: 19/19 MP: 0/0
   135 | D:1      | Reached skill level 4 in Shields
   146 | D:1      | Reached XP level 2. HP: 26/26 MP: 0/0
   178 | D:1      | Found a sparkling altar of Nemelex Xobeh.
   690 | D:2      | Reached XP level 3. HP: 26/33 MP: 1/1
   916 | D:2      | Found a blossoming altar of Fedhas.
  1274 | D:2      | Reached skill level 1 in Dodging
  1860 | D:3      | Reached XP level 4. HP: 40/40 MP: 1/1
  2034 | D:3      | Found a deep blue altar of Sif Muna.
  2571 | D:4      | Reached skill level 5 in Shields
  2703 | D:4      | Found a white marble altar of Elyvilon.
  2704 | D:4      | Paralysed by a giant eyeball for 3 turns
  2712 | D:4      | Reached XP level 5. HP: 46/46 MP: 1/1
  2970 | D:5      | Entered Level 5 of the Dungeon
  3019 | D:5      | Noticed a wyvern skeleton
  3025 | D:5      | Killed a wyvern skeleton
  3025 | D:5      | Reached skill level 1 in Traps
  3025 | D:5      | Reached XP level 6. HP: 48/53 MP: 2/2
  3041 | D:5      | Noticed gilgaladt's ghost (experienced HESk)
  3069 | D:5      | Killed gilgaladt's ghost
  3069 | D:5      | Reached skill level 6 in Shields
  3069 | D:5      | Reached XP level 7. HP: 34/59 MP: 2/2
  3080 | D:5      | Noticed a centaur
  3093 | D:5      | Killed a centaur
  3093 | D:5      | Reached skill level 5 in Armour
  3664 | D:5      | Found a glowing silver altar of Zin.
  3788 | D:5      | Reached skill level 1 in Stealth
  3870 | D:5      | Paralysed by a giant eyeball for 2 turns
  3927 | D:5      | Noticed an ogre
  3933 | D:5      | Killed an ogre
  3935 | D:5      | Found a sparkling altar of Nemelex Xobeh.
  4197 | D:6      | Reached skill level 7 in Shields
  4391 | D:6      | Reached XP level 8. HP: 54/67 MP: 2/2
  4524 | D:6      | Found Kliepukh's Magical Wand Shop.
  4567 | D:6      | Found a staircase to the Ecumenical Temple.
  4592 | Temple   | Entered the Ecumenical Temple
  4601 | Temple   | Became a worshipper of Warmaster Okawaru
  4913 | D:6      | Reached skill level 5 in Dodging
  4982 | D:6      | Noticed Crazy Yiuf
  4988 | D:6      | Killed Crazy Yiuf
  4988 | D:6      | Reached skill level 5 in Maces & Flails
  5215 | D:7      | Found a burning altar of Makhleb.
  5257 | D:7      | Reached skill level 5 in Fighting
  5303 | D:7      | Acquired Okawaru's first power
  5342 | D:7      | Found a basalt altar of Yredelemnul.
  5355 | D:7      | Reached XP level 9. HP: 65/74 MP: 3/3
  5365 | D:7      | Reached skill level 8 in Shields
  5702 | D:7      | Found a blossoming altar of Fedhas.
  6822 | D:8      | Noticed Grum
  6834 | D:8      | Killed Grum
  6834 | D:8      | Reached skill level 9 in Shields
  7082 | D:8      | Reached XP level 10. HP: 67/83 MP: 3/3
  7285 | D:8      | Noticed Sachiko's ghost (experienced KoBe)
  7337 | D:8      | Killed Sachiko's ghost
  7748 | D:8      | Reached skill level 10 in Shields
  8468 | D:9      | Noticed Joseph
  8493 | D:9      | Killed Joseph
  8604 | D:9      | Acquired Okawaru's second power
  8617 | D:9      | HP: 3/83 [orc warrior/orcish long sword (18)]
  8622 | D:9      | Paralysed by a potion of paralysis for 5 turns
  8624 | D:9      | HP: 1/83 [orc warrior/orcish spear (3)]
  8630 | D:9      | Mangled by an orc warrior

Action                   |  1- 3 |  4- 6 |  7- 9 | 10-12 || total
-------------------------+-------+-------+-------+-------++-------
Melee: Mace              |   101 |   147 |    53 |       ||   301
       Whip              |       |       |   357 |   254 ||   611
Evoke: Miscellaneous     |       |       |       |     1 ||     1
  Use: Scroll            |       |       |    18 |     1 ||    19
       Potion            |       |       |       |     7 ||     7
